 Dungeon Crawl Stone Soup version 0.22-a0-480-g991dd4b (webtiles) character file.

247 Tallim the Spear-Bearer (level 6, 0/44 HPs)
             Began as a Merfolk Skald on June 15, 2018.
             Slain by an ogre
             ... wielding a +0 giant spiked club
              (19 damage)
             ... on level 4 of the Dungeon.
             The game lasted 00:09:33 (3326 turns).

Tallim the Spear-Bearer (Merfolk Skald)             Turns: 3326, Time: 00:09:34

Health: 0/44       AC:  5    Str: 12    XL:     6   Next: 11%
Magic:  9/9        EV: 11    Int: 12    God:
Gold:   239        SH:  0    Dex: 15    Spells: 6/9 levels left

rFire    . . .     SeeInvis .   a - +0 spear
rCold    . . .     Gourm    .   (no shield)
rNeg     . . .     Faith    .   h - +0 ring mail
rPois    .         Spirit   .   (no helmet)
rElec    .         Reflect  .   (no cloak)
rCorr    .         Harm     .   (no gloves)
MR       .....                  (no boots)
Stlth    +.........             (no amulet)
HPRegen  0.14/turn              (no ring)
MPRegen  0.11/turn              (no ring)

@: no status effects
A: change form in water, swift swim, stealthy swim
a: no special abilities


You were on level 4 of the Dungeon.
You were not hungry.

You visited 1 branch of the dungeon, and saw 4 of its levels.

You collected 239 gold pieces.

Inventory:

Hand Weapons
 a - a +0 spear (weapon)
Missiles
 e - 5 tomahawks (quivered)
Armour
 b - a +0 leather armour
 h - a +0 ring mail (worn)
Scrolls
 c - 2 scrolls of noise
 n - a scroll of immolation {unknown}
 q - a scroll of blinking {unknown}
Potions
 f - a potion of magic {unknown}
 g - 2 potions of lignification
 i - a potion of agility {unknown}
 k - a potion of curing {unknown}
 l - a potion of mutation {unknown}
 m - a potion of might {unknown}
 o - a potion of haste {unknown}
Comestibles
 d - 5 rations


   Skills:
 - Level 2.1 Fighting
 + Level 9.0 Polearms
 - Level 0.6 Armour
 - Level 2.6 Dodging
 - Level 2.0 Spellcasting
 - Level 3.2 Charms


You had 6 spell levels left.
You knew the following spells:

 Your Spells              Type           Power        Failure   Level  Hunger
a - Infusion              Chrm           #...         16%         1    ##.....
b - Song of Slaying       Chrm           #.......     24%         2    ###....

Your spell library contained the following spells:

 Spells                   Type           Power        Failure   Level  Hunger
 Regeneration             Chrm/Necr      #.........   67%         3    ####...
 Shroud of Golubria       Chrm/Tloc      #.........   43%         2    ###....
 Spectral Weapon          Hex/Chrm       #.......     67%         3    ####...


Dungeon Overview and Level Annotations

Branches:
Dungeon (4/15)
 Temple: D:4-7

Altars:
Fedhas


Message History

You hit the bullfrog skeleton.
The bullfrog skeleton is severely damaged.
The bullfrog skeleton hits you.
You hit the bullfrog skeleton.
The bullfrog skeleton is almost destroyed.
The bullfrog skeleton hits you.
You hit the bullfrog skeleton.
You destroy the bullfrog skeleton!
Your Polearms skill increases to level 9!
You have reached level 6!
Your experience leads to an increase in your attributes!
Increase (S)trength, (I)ntelligence, or (D)exterity?
You feel agile.
A leopard gecko comes into view.
The leopard gecko hisses angrily.
You hit the leopard gecko.
The leopard gecko is severely wounded.
The leopard gecko closely misses you.
The ogre hits you with a giant spiked club!!
You die...

#........#.##........
##########.##.##.####
#.##.##.# #.##.##.#
#.......# ####.#####
#######........#
..#.O.....####.#
#.#@###.#..##
#.#l##......##
#.#.##.#.##..#....#
#................#
#.>.##.#.###.#....# .
...#.###......#
#####.......)###
########.# #'#


You could see an ogre and a leopard gecko.

Vanquished Creatures
  A hound (D:4)
  A bullfrog skeleton (D:4)
  An orc wizard (D:2)
  An iguana (D:4)
  4 adders
  An adder skeleton (D:4)
  3 worms
  A dart slug (D:3)
  2 leopard geckos
  8 orcs
  10 bats
  3 giant cockroaches
  5 goblins
  5 hobgoblins
  3 jackals (D:2)
  12 kobolds
  2 quokkas (D:3)
  A ball python (D:1)
  6 frilled lizards
  A leopard gecko skeleton (D:4)
  8 rats
79 creatures vanquished.

Notes
Turn   | Place    | Note
-------+----------+-------------------------------------------
     0 | D:1      | Tallim the Merfolk Skald began the quest for the Orb.
     0 | D:1      | Reached XP level 1. HP: 16/16 MP: 3/3
   408 | D:1      | Reached skill level 4 in Polearms
   408 | D:1      | Reached XP level 2. HP: 12/22 MP: 5/5
   588 | D:1      | Learned a level 2 spell: Song of Slaying
   971 | D:2      | Reached skill level 5 in Polearms
   971 | D:2      | Reached XP level 3. HP: 19/27 MP: 4/6
  1026 | D:2      | Reached skill level 6 in Polearms
  1026 | D:2      | Reached XP level 4. HP: 7/33 MP: 7/7
  1302 | D:2      | Found a blossoming altar of Fedhas.
  1889 | D:2      | Reached skill level 7 in Polearms
  2164 | D:3      | Reached XP level 5. HP: 22/38 MP: 6/8
  2968 | D:4      | Reached skill level 8 in Polearms
  3290 | D:4      | Noticed an ogre
  3323 | D:4      | Reached skill level 9 in Polearms
  3323 | D:4      | Reached XP level 6. HP: 19/44 MP: 9/9
  3326 | D:4      | Slain by an ogre

Vault maps used:
D:1:      dpeg_arrival_shelter, serial_bayou_pond_e
D:2:      fedhas_altar_1, first_ration
D:3:      minmay_randomly_rotated_circles
D:4:      nrook_loot_triangle, minmay_snake_closets

Skill      XL: |  1  2  3  4  5 |
---------------+----------------+-----
Polearms       | 4 5 6 7 9 |  9.0
Fighting       | |  2.1
Armour         | |  0.6
Dodging        | |  2.6
Spellcasting   | |  2.0
Charms         | |  3.2

Action                   |  1- 3 |  4- 6 || total
-------------------------+-------+-------++-------
Melee: Spear             |   132 |   266 ||   398
 Cast: Song of Slaying   |     2 |     1 ||     3
  Use: Potion            |     1 |     2 ||     3
       Scroll            |       |     3 ||     3
 Stab: Sleeping          |     1 |       ||     1
  Eat: Chunk             |       |     7 ||     7
       Ration            |       |     1 ||     1
Armor: Leather armour    |    11 |       ||    11
       Ring mail         |    22 |    67 ||    89
Dodge: Dodged            |    61 |   120 ||   181

Table legend:
 A = Spawn XP
 B = Non-spawn XP
 C = Spawn XP percentage of total XP
 D = Spawn monster count
 E = Non-spawn monster count
 F = Spawn count percentage of total count
 G = Total turns spent on level
                    A         B        C        D         E        F      G
               +---------+---------+-------+---------+---------+-------+---------
         Total |       0 |     354 |   0.0 |       0 |      79 |   0.0 |  3326
               +---------+---------+-------+---------+---------+-------+---------
           D:1 |       0 |      24 |   0.0 |       0 |      15 |   0.0 |   914
           D:2 |       0 |     118 |   0.0 |       0 |      28 |   0.0 |  1104
           D:3 |       0 |      79 |   0.0 |       0 |      29 |   0.0 |   927
           D:4 |       0 |     133 |   0.0 |       0 |       7 |   0.0 |   381
               +---------+---------+-------+---------+---------+-------+---------
